 Dungeon Sprint DCSS version 0.31-a0-43-g46d131a48f (webtiles) character file.

Game seed: 1191802958373166522

37600000 bmack86 the Archmage (level 27, 79/228 HPs)
             Began as a Djinni Warper on May 19, 2023.
             Was the Champion of Makhleb.
             Escaped with the Orb!
             The game lasted 00:13:22 (188 turns).

bmack86 the Archmage (Djinni Warper)                 Turns: 188, Time: 00:13:23

Health: 79/228     AC:  6    Str: 14    XL:     27
Gold:   0          EV: 25    Int: 24    God:    Makhleb [******] SH:  0 Dex: 14

rFire   + + +        i - +∞ Axe of Woe
rCold   x . .        (shield currently unavailable)
rNeg    . . .        b - +0 leather armour
rPois   ∞            (no helmet)
rElec   .            (no cloak)
rCorr   .            (no gloves)
SInv    +            (boots unavailable)
Will    ++...        (no amulet)
Stlth   +++          k - ring of protection from fire
HPRegen 0.58/turn    c - ring of see invisible
MPRegen 0.00/turn

%: no teleportation
@: flying
A: sickness immunity, fire resistance 2, cold vulnerability 1, float, innate
caster, HP casting, extra vitality 1
0: Orb of Zot
a: Renounce Religion, Minor Destruction, Lesser Servant of Makhleb, Major
Destruction, Greater Servant of Makhleb


You escaped.
You worshipped Makhleb.
Makhleb was exalted by your worship.
You visited 1 branch

Inventory:

Hand Weapons
 a - a +0 hand axe
 i - the +∞ Axe of Woe (weapon)
   (You found it in the Dungeon)
Missiles
 d - 6 boomerangs of dispersal
Armour
 b - a +0 leather armour (worn)
Jewellery
 c - a ring of see invisible (right hand)
 j - a +30 ring of slaying
 k - a ring of protection from fire (left hand)
Potions
 e - a potion of curing
 f - a potion of heal wounds
 g - a potion of haste
 h - a potion of berserk rage


   Skills:
 O Level 27 Fighting
 O Level 27 Short Blades
 O Level 27 Long Blades
 O Level 27 Axes
 O Level 27 Maces & Flails
 O Level 27 Polearms
 O Level 27 Staves
 O Level 27 Ranged Weapons
 O Level 27 Throwing
 O Level 27 Armour
 O Level 27 Dodging
 O Level 27 Stealth
 O Level 27 Shields
 O Level 27 Unarmed Combat
 O Level 27 Spellcasting
 O Level 27 Invocations
 O Level 27 Evocations


You knew the following spells:

 Your Spells              Type           Power      Damage    Failure   Level
a - Blink                 Tloc           100%       N/A       0%          2
b - Lesser Beckoning      Tloc           100%       N/A       0%          2
c - Vhi's Electric Charg  Tloc/Air       100%       N/A       0%          3
d - Teleport Other        Tloc           100%       N/A       0%          3
e - Manifold Assault      Tloc           100%       N/A       0%          4
f - Necrotise             Necr           100%       1d9       0%          1
g - Static Discharge      Conj/Air       100%       2-7/arc   0%          2
h - Searing Ray           Conj           100%       2d8       0%          2
i - Iskenderun's Mystic   Conj/Tloc      100%       2d19      0%          4
j - Summon Lightning Spi  Summ/Air       100%       N/A       0%          4
k - Yara's Violent Unrav  Hex/Tmut       52%        3d20      0%          5
l - Iron Shot             Conj/Erth      52%        9d10      0%          6
m - Conjure Ball Lightni  Conj/Air       52%        3x3d18    0%          6
n - Ozocubu's Refrigerat  Ice            52%        4d19      0%          7
o - Ignition              Fire           52%        3d14      1%          8
p - Summon Horrible Thin  Summ           52%        N/A       1%          8
q - Infestation           Necr           52%        N/A       1%          8
r - Chain Lightning       Conj/Air       52%        3d69      1%          9
Your spell library was empty.

Dungeon Overview and Level Annotations

Branches:
Dungeon (1/1)

Altars:
Makhleb

Annotations:
D The Captor


Innate Abilities, Weirdness & Mutations

You are immune to sickness and miasma.
You are immune to poison.
Your flesh is very heat resistant. (rF++)
You are vulnerable to cold. (rC-)
You float through the air rather than walking.
You learn spells naturally, not from books.
Your magical power is your life essence.
You have superior vitality. (+4 MHP)


Message History

The bag of meat shouts! x2
The observer turns its gaze towards you.
You hear a shout! x6
A scourge comes into view. x2
A bag of meat comes into view. It is wielding a +9 war axe. x3
A dread comes into view.
The bag of meat moves out of view.
The tyrant moves out of view.
You hear a shout! x2; The scourge hisses angrily.
A meat berserker comes into view. It is wielding a +9 battleaxe.
There is a staircase leading out of the dungeon, spattered with blood here.
You slash the meat berserker!
You hew the meat berserker savagely.
You kill the meat berserker!
Makhleb accepts your kill.
You hear a shout! x4
A wretched soul comes into view.
The meat berserker moves out of view.
You hear an angry hiss.
You hear a shout!
You hear a roar!
You hit the dread.
You pulverise the dread into a thin bloody mist.
You destroy the dread!
Makhleb accepts your kill.
You feel better.
You hear a shout!
The dread calls on the powers of darkness!
The bag of meat convulses! x3; The observer convulses!
The large bag of meat convulses!
Flame seeps out of the large bag of meat.
Your body is wracked with pain!
A bag of meat comes into view. It is wielding a +9 war axe.
The large bag of meat is engulfed in blazing flames.
You hear a shout!
A sculptor of flesh comes into view. It is wielding a +9 great sword.
You hear a shout!
The fleshlord appears out of thin air!
The fleshlord shouts!
You hear a shout!
The large bag of meat is engulfed in blazing flames.
The observer gazes at you. Something smites you!
You hear a shout! x2
You have escaped!

.@... .. # #W.. ...# .
#.o.....# O.......V)#
..###....)..###))...)).))
°zo)..###.....)..)...)##
.ozGp_.)....).).)..)..
#.)..)#.......#.#...
)p#_.@)_#...).).......
°°○#O).).#..).))#)#.#..
...O)S.._)))†.)....).))..
.oW.)o.###).......2#.#.#.
oo###).)....###)).).)....
..).#..)...)#.......)....
).)#.).....#...)...).)).
)..)....)).)..))...).).)
).).)........))#)..#))).


You could see an observer (fast, invisible), a scourge, a fleshlord, 2 sculptors
of flesh, a dread, 2 meat berserkers, a wretched soul (invisible), The Captor
(wandering) and 6 bags of meat.

Vanquished Creatures
  Dispater (D)
  14 hell knights (D)
  13 hell beasts (D)
  12 royal mummies (D)
  6 great orbs of eyes (D)
  10 wraiths (D)
  Harold (D)
  23 vampire knights (D)
  39 ogres (D)
  9 two-headed ogres (D)
  10 liches (D)
  7 hydras (D)
  9 phantoms (D)
  83 orcs (D)
  9 skeletal warriors (D)
  7 sea snakes (D)
  A lorocyproca (D)
254 creatures vanquished.

Notes
Turn   | Place    | Note
-------+----------+-------------------------------------------
     0 | D        | Found the +∞ Axe of Woe
     0 | D        | bmack86 the Djinni Warper began the quest for the Orb.
     0 | D        | bmack86 set off with the following spells memorised: Blink,
                  | Lesser Beckoning, Vhi's Electric Charge, Teleport Other,
                  | Manifold Assault.
     0 | D        | Reached XP level 1. HP: 18/18 MP: 0/0
     3 | D        | Became a worshipper of Makhleb the Destroyer
     4 | D        | Noticed a bag of meat
     7 | D        | Noticed a bag of meat
     7 | D        | Noticed a bag of meat
     7 | D        | Noticed a bag of meat
     8 | D        | Noticed a bag of meat
     8 | D        | Noticed a bag of meat
     8 | D        | Noticed a bag of meat
     9 | D        | Noticed a meat berserker
    10 | D        | Noticed a bag of meat
    11 | D        | Noticed a meat berserker
    12 | D        | Killed a bag of meat
    12 | D        | Killed a meat berserker
    12 | D        | Reached * piety under Makhleb
    12 | D        | Noticed a bag of meat
    12 | D        | Noticed a bag of meat
    13 | D        | Reached XP level 2. HP: 37/37 MP: 0/0
    13 | D        | Reached XP level 3. HP: 42/42 MP: 0/0
    13 | D        | Learned a level 1 spell: Necrotise
    13 | D        | Reached XP level 4. HP: 49/49 MP: 0/0
    13 | D        | Reached XP level 5. HP: 54/54 MP: 0/0
    13 | D        | Learned a level 2 spell: Static Discharge
    13 | D        | Reached XP level 6. HP: 59/59 MP: 0/0
    13 | D        | Reached XP level 7. HP: 65/65 MP: 0/0
    13 | D        | Learned a level 2 spell: Searing Ray
    13 | D        | Reached XP level 8. HP: 71/71 MP: 0/0
    13 | D        | Reached XP level 9. HP: 76/76 MP: 0/0
    13 | D        | Learned a level 4 spell: Iskenderun's Mystic Blast
    13 | D        | Reached XP level 10. HP: 83/83 MP: 0/0
    13 | D        | Reached XP level 11. HP: 87/87 MP: 0/0
    13 | D        | Learned a level 4 spell: Summon Lightning Spire
    13 | D        | Reached XP level 12. HP: 94/94 MP: 0/0
    13 | D        | Reached XP level 13. HP: 99/99 MP: 0/0
    13 | D        | Learned a level 5 spell: Yara's Violent Unravelling
    13 | D        | Killed a bag of meat
    13 | D        | Killed a bag of meat
    13 | D        | Killed a bag of meat
    13 | D        | Reached ** piety under Makhleb
    13 | D        | Killed a meat berserker
    13 | D        | Noticed a bag of meat
    14 | D        | Reached skill level 15 in Axes
    14 | D        | Reached skill level 5 in Throwing
    14 | D        | Reached XP level 14. HP: 112/112 MP: 0/0
    14 | D        | Reached XP level 15. HP: 118/118 MP: 0/0
    14 | D        | Learned a level 6 spell: Iron Shot
    15 | D        | Reached skill level 15 in Dodging
    15 | D        | Reached *** piety under Makhleb
    16 | D        | Reached skill level 15 in Fighting
    17 | D        | Reached **** piety under Makhleb
    18 | D        | Reached skill level 5 in Armour
    18 | D        | Reached XP level 16. HP: 130/130 MP: 0/0
    19 | D        | Noticed a large bag of meat
    20 | D        | Killed a large bag of meat
    20 | D        | Reached ***** piety under Makhleb
    20 | D        | Noticed a meat berserker
    21 | D        | Reached skill level 27 in Spellcasting
    21 | D        | Reached XP level 17. HP: 141/141 MP: 0/0
    21 | D        | Learned a level 6 spell: Conjure Ball Lightning
    21 | D        | Noticed a meat berserker
    21 | D        | Noticed a large bag of meat
    22 | D        | Noticed a large bag of meat
    22 | D        | Noticed a destroyer
    23 | D        | Noticed a meat berserker
    23 | D        | Killed a meat berserker
    23 | D        | Noticed a large bag of meat
    24 | D        | Reached XP level 18. HP: 154/154 MP: 0/0
    24 | D        | Killed a large bag of meat
    24 | D        | Killed a destroyer
    24 | D        | Killed a meat berserker
    24 | D        | Noticed a large bag of meat
    25 | D        | Reached skill level 27 in Fighting
    25 | D        | Reached skill level 27 in Axes
    25 | D        | Reached XP level 19. HP: 174/174 MP: 0/0
    25 | D        | Learned a level 7 spell: Ozocubu's Refrigeration
    25 | D        | Killed a meat berserker
    25 | D        | Reached ****** piety under Makhleb
    25 | D        | Killed a large bag of meat
    25 | D        | Killed a large bag of meat
    25 | D        | Noticed a destroyer
    25 | D        | Noticed a meat berserker
    26 | D        | Reached skill level 27 in Dodging
    26 | D        | Reached XP level 20. HP: 181/181 MP: 0/0
    26 | D        | Killed a large bag of meat
    26 | D        | Killed a destroyer
    26 | D        | Killed a meat berserker
    27 | D        | Reached skill level 27 in Throwing
    27 | D        | Reached XP level 21. HP: 187/187 MP: 0/0
    27 | D        | Learned a level 8 spell: Ignition
    27 | D        | Noticed a meat berserker
    27 | D        | Noticed a destroyer
    27 | D        | Noticed a large bag of meat
    28 | D        | Killed a meat berserker
    28 | D        | Killed a large bag of meat
    28 | D        | Killed a destroyer
    29 | D        | Reached skill level 27 in Armour
    29 | D        | Reached XP level 22. HP: 194/194 MP: 0/0
    29 | D        | Noticed a meat berserker
    29 | D        | Noticed a meat berserker
    29 | D        | Noticed a meat berserker
    30 | D        | Noticed a meat berserker
    30 | D        | Killed a meat berserker
    30 | D        | Noticed a meat berserker
    31 | D        | Reached skill level 10 in Short Blades
    31 | D        | Reached skill level 10 in Shields
    31 | D        | Reached skill level 10 in Unarmed Combat
    31 | D        | Reached skill level 10 in Invocations
    31 | D        | Reached skill level 10 in Evocations
    31 | D        | Noticed a destroyer
    31 | D        | Killed a meat berserker
    31 | D        | Killed a destroyer
    31 | D        | Killed a meat berserker
    31 | D        | Noticed a meat berserker
    32 | D        | Reached XP level 23. HP: 201/201 MP: 0/0
    32 | D        | Learned a level 8 spell: Summon Horrible Things
    32 | D        | Noticed a destroyer
    33 | D        | Killed a destroyer
    33 | D        | Noticed a large bag of meat
    34 | D        | Reached skill level 15 in Short Blades
    34 | D        | Reached skill level 15 in Shields
    34 | D        | Reached skill level 15 in Unarmed Combat
    34 | D        | Reached skill level 15 in Invocations
    34 | D        | Reached skill level 15 in Evocations
    35 | D        | Reached skill level 15 in Long Blades
    35 | D        | Reached skill level 15 in Staves
    35 | D        | Reached skill level 15 in Stealth
    35 | D        | Reached XP level 24. HP: 208/208 MP: 0/0
    36 | D        | Reached skill level 15 in Maces & Flails
    36 | D        | Reached skill level 15 in Polearms
    36 | D        | Reached skill level 15 in Ranged Weapons
    37 | D        | Reached XP level 25. HP: 214/214 MP: 0/0
    37 | D        | Learned a level 8 spell: Infestation
    37 | D        | Killed a large bag of meat
    37 | D        | Noticed a destroyer
    37 | D        | Noticed a destroyer
    38 | D        | Killed a destroyer
    38 | D        | Killed a destroyer
    39 | D        | Reached XP level 26. HP: 221/221 MP: 0/0
    39 | D        | Noticed a destroyer
    39 | D        | Killed a destroyer
    39 | D        | Noticed a destroyer
    41 | D        | Noticed a destroyer
    42 | D        | Killed a destroyer
    42 | D        | Killed a destroyer
    43 | D        | Noticed a destroyer
    43 | D        | Noticed a destroyer
    45 | D        | Noticed a tyrant
    45 | D        | Noticed a tyrant
    45 | D        | Noticed a destroyer
    46 | D        | Killed a destroyer
    46 | D        | Killed a tyrant
    46 | D        | Killed a tyrant
    47 | D        | Reached skill level 27 in Stealth
    47 | D        | Reached XP level 27. HP: 228/228 MP: 0/0
    47 | D        | Learned a level 9 spell: Chain Lightning
    47 | D        | Noticed an accursed
    47 | D        | Killed an accursed
    47 | D        | Killed a destroyer
    47 | D        | Noticed a large bag of meat
    48 | D        | Noticed an accursed
    49 | D        | Killed a destroyer
    49 | D        | Killed an accursed
    49 | D        | Killed a large bag of meat
    50 | D        | Reached skill level 27 in Short Blades
    50 | D        | Reached skill level 27 in Shields
    50 | D        | Reached skill level 27 in Unarmed Combat
    50 | D        | Reached skill level 27 in Invocations
    50 | D        | Reached skill level 27 in Evocations
    50 | D        | Noticed a destroyer
    51 | D        | Reached skill level 27 in Long Blades
    51 | D        | Reached skill level 27 in Staves
    51 | D        | Killed a destroyer
    51 | D        | Noticed an accursed
    52 | D        | Killed an accursed
    53 | D        | Reached skill level 27 in Maces & Flails
    53 | D        | Reached skill level 27 in Polearms
    53 | D        | Reached skill level 27 in Ranged Weapons
    57 | D        | Noticed a destroyer
    59 | D        | Noticed a destroyer
    60 | D        | Killed a destroyer
    60 | D        | Killed a destroyer
    60 | D        | Noticed a meat beast
    61 | D        | Killed a meat beast
    61 | D        | Noticed a destroyer
    62 | D        | Noticed a destroyer
    63 | D        | Killed a destroyer
    67 | D        | Noticed a destroyer
    68 | D        | Killed a destroyer
    68 | D        | Killed a destroyer
    75 | D        | Noticed a meat beast
    86 | D        | Killed a meat beast
    92 | D        | Noticed an accursed
    92 | D        | Noticed a meat beast
    93 | D        | Killed a meat beast
    93 | D        | Killed an accursed
    93 | D        | Noticed a tyrant
    94 | D        | Killed a tyrant
    96 | D        | Noticed a tyrant
    96 | D        | Killed a tyrant
   116 | D        | Noticed a tyrant
   118 | D        | Noticed an accursed
   118 | D        | Noticed a tyrant
   119 | D        | Killed a tyrant
   120 | D        | Noticed a fleshlord
   120 | D        | Killed a tyrant
   121 | D        | Killed an accursed
   121 | D        | Killed a fleshlord
   122 | D        | Noticed a dread
   126 | D        | Killed a dread
   126 | D        | Noticed a fleshlord
   129 | D        | Killed a fleshlord
   132 | D        | Noticed a fleshlord
   132 | D        | Noticed a fleshlord
   132 | D        | Killed a fleshlord
   132 | D        | Killed a fleshlord
   133 | D        | Noticed a destroyer
   134 | D        | Noticed a fleshlord
   134 | D        | Killed a fleshlord
   134 | D        | Killed a destroyer
   136 | D        | Noticed a dread
   136 | D        | Noticed a fleshlord
   137 | D        | Killed a dread
   137 | D        | Killed a fleshlord
   137 | D        | Noticed a fleshlord
   138 | D        | Killed a fleshlord
   138 | D        | Noticed a tyrant
   139 | D        | Noticed a dread
   139 | D        | Killed a tyrant
   139 | D        | Killed a dread
   139 | D        | Noticed a meat beast
   139 | D        | Noticed a tyrant
   139 | D        | Noticed a meat beast
   140 | D        | Killed a meat beast
   140 | D        | Killed a tyrant
   140 | D        | Killed a meat beast
   141 | D        | Noticed a meat beast
   141 | D        | Noticed an accursed
   141 | D        | Noticed a dread
   141 | D        | Noticed an accursed
   142 | D        | Noticed The Servant
   143 | D        | Killed an accursed
   143 | D        | Noticed a destroyer
   145 | D        | Killed an accursed
   145 | D        | Noticed a meat beast
   146 | D        | Killed a dread
   146 | D        | Noticed an accursed
   147 | D        | Killed a meat beast
   147 | D        | Killed an accursed
   148 | D        | Killed a meat beast
   148 | D        | Killed a destroyer
   148 | D        | Killed The Servant
   151 | D        | Noticed a dread
   152 | D        | Noticed a meat beast
   152 | D        | Killed a meat beast
   152 | D        | Killed a dread
   152 | D        | Noticed an accursed
   153 | D        | Noticed a fleshlord
   153 | D        | Noticed a tyrant
   154 | D        | Noticed a meat beast
   154 | D        | Noticed a fleshlord
   154 | D        | Noticed a fleshlord
   155 | D        | Killed a meat beast
   155 | D        | Killed a tyrant
   155 | D        | Noticed a meat beast
   155 | D        | Noticed a fleshlord
   155 | D        | Noticed a tyrant
   156 | D        | Killed a fleshlord
   156 | D        | Killed a fleshlord
   157 | D        | Killed a meat beast
   157 | D        | Killed a tyrant
   158 | D        | Killed a fleshlord
   158 | D        | Killed a fleshlord
   158 | D        | Noticed an accursed
   159 | D        | Killed an accursed
   159 | D        | Noticed a fleshlord
   159 | D        | Noticed a dread
   160 | D        | Killed a dread
   160 | D        | Killed a fleshlord
   160 | D        | Noticed a destroyer
   161 | D        | Killed a destroyer
   162 | D        | Noticed a meat beast
   164 | D        | Noticed The Meatlord
   165 | D        | Noticed a large bag of meat
   165 | D        | Killed a large bag of meat
   165 | D        | Killed a meat beast
   166 | D        | Killed The Meatlord
   166 | D        | Noticed an accursed
   166 | D        | Noticed a dread
   167 | D        | Got the Orb of Zot
   167 | D        | Noticed an accursed
   168 | D        | Killed an accursed
   168 | D        | Killed a dread
   168 | D        | Noticed a fleshlord
   170 | D        | Noticed a dread
   171 | D        | Killed an accursed
   172 | D        | Noticed a dread
   173 | D        | Killed a dread
   174 | D        | Killed a dread
   174 | D        | Noticed a destroyer
   174 | D        | Noticed a fleshlord
   176 | D        | Noticed a fleshlord
   176 | D        | Killed a fleshlord
   176 | D        | Killed a fleshlord
   178 | D        | Killed a destroyer
   178 | D        | Noticed a meat beast
   178 | D        | Noticed a meat beast
   179 | D        | Noticed a meat beast
   179 | D        | Noticed a dread
   181 | D        | Killed a meat beast
   182 | D        | Killed a meat beast
   183 | D        | Killed an accursed
   184 | D        | Noticed a large bag of meat
   184 | D        | Noticed a tyrant
   184 | D        | Noticed a dread
   186 | D        | Killed a dread
   187 | D        | Noticed a fleshlord
   187 | D        | Noticed The Captor
   188 | D        | Escaped with the Orb!

Illustrated notes

Levels and vault maps discovered:
D:        meatsprint

Skill      XL: |  1  2  3  4  5  6  7  8  9 10 11 12 13 14 15 16 17 18 19 20 21 22 23 24 25 26 27 |
---------------+----------------------------------------------------------------------------------+-----
Fighting       | 11 14 17 19 21 27 | 27.0
Axes           | 11 15 19 22 25 27 | 27.0
Throwing       | 4 5 6 7 8 11 20 27 | 27.0
Armour         | 3 4 5 7 16 23 27 | 27.0
Dodging        | 11 14 16 18 19 25 27 | 27.0
Spellcasting   | 19 23 26 27 | 27.0
Short Blades   | 13 16 19 21 23 27 | 27.0
Long Blades    | 12 15 18 20 22 27 | 27.0
Maces & Flails | 11 14 16 19 20 27 | 27.0
Polearms       | 11 14 16 19 20 27 | 27.0
Staves         | 12 15 18 20 22 27 | 27.0
Ranged Weapons | 11 14 16 19 20 27 | 27.0
Stealth        | 12 15 18 20 27 | 27.0
Shields        | 13 17 19 22 23 27 | 27.0
Unarmed Combat | 13 17 19 22 23 27 | 27.0
Invocations    | 13 17 19 22 23 27 | 27.0
Evocations     | 13 17 19 22 23 27 | 27.0

Action                     |  1- 3 |  4- 6 |  7- 9 | 10-12 | 13-15 | 16-18 | 19-21 | 22-24 | 25-27 || total
---------------------------+-------+-------+-------+-------+-------+-------+-------+-------+-------++-------
  Melee: Executioner's axe |     1 |       |       |       |     7 |    10 |    12 |    24 |   197 ||   251
  Throw: Boomerang         |     1 |       |       |       |       |       |       |       |       ||     1
   Cast: Manifold Assault  |       |       |       |       |     1 |     3 |     3 |     6 |    57 ||    70
    Use: Scroll            |       |       |       |       |       |       |       |       |     2 ||     2
   Stab: Distracted        |       |       |       |       |       |       |       |       |     1 ||     1
 Armour: Leather armour    |       |       |       |       |       |       |       |       |     1 ||     1
  Dodge: Dodged            |     1 |       |       |       |       |       |       |       |     3 ||     4

Table legend: (Time is in decaauts)
 A = Elapsed time spent in this place.
 B = Non-inter-level travel time spent in this place.
 C = Inter-level travel time spent in this place.
 D = Time resting spent in this place.
 E = Time spent auto-exploring this place.
 F = Levels seen in this place.
 G = Mean time per level.
                   A        B        C        D        E       F      G
               +--------+--------+--------+--------+--------+-----+--------+
         Total |    162 |    162 |      0 |      0 |      0 |   1 |  162.0 |
       Dungeon |    162 |    162 |      0 |      0 |      0 |   1 |  162.0 |
               +--------+--------+--------+--------+--------+-----+--------+

Top non-repeatable levels by time:
       D: 162 daAuts
